Noisytoot, neutral female human Tourist ############ ------- #----- |.....+ ------- #|.{.| |.....| |.....| #|...a#######a@|.....-#### |(<....#####|...| # #......| # |_....| #-....###### ------- |...`.-#####----- --|---- ##### # ## -----|----- ---------- |.......>.| |........| |.........-######|........| |.........| #.........| ----------- |........| |........| ---------- Noisytoot the Sightseer Experience level: 5 Strength: 13 Dexterity: 14 Constitution: 17 Intelligence: 13 Wisdom: 7 Charisma: 14 Health: 0(53) Energy: 15(15) Def: 10 Gold: 1476 Moves: 4654 Dungeon seed: EpQKL9QkRW3Fb3rc Game ID: Noisytoot_1685578611 Your Inventory: Coins $ - 1476 gold pieces Amulets p - an uncursed amulet of magical breathing (being worn) Weapons a - 15 +2 darts (in quiver) g - 6 +2 darts o - 10 +0 darts w - 2 +0 daggers named not cursed x - 14 +1 darts T - a +0 spear named not cursed (weapon in hand) Armor e - an uncursed +0 Hawaiian shirt y - an uncursed +0 orcish helm (being worn) z - an uncursed +0 pair of iron shoes (being worn) N - a blessed +4 pair of levitation boots R - an uncursed +0 cloak of displacement (being worn) V - an uncursed +0 dwarvish mithril-coat (being worn) Y - an uncursed +0 cloak of invisibility Comestibles b - 2 uncursed tripe rations c - 4 uncursed food rations d - 2 uncursed slime molds f - an uncursed lichen corpse t - an uncursed carrot I - an uncursed sprig of wolfsbane O - an uncursed banana Scrolls h - 4 uncursed scrolls of magic mapping l - an uncursed scroll of destroy armor u - an uncursed scroll of charging A - a cursed scroll of remove curse E - an uncursed scroll of fire Potions m - a cursed potion of restore ability v - an uncursed potion of gain ability M - an uncursed potion of water X - a potion of holy water Tools i - an expensive camera (0:97) k - an uncursed credit card s - an uncursed stethoscope B - 4 uncursed wax candles (0:400) C - 7 cursed wax candles (0:400) D - 4 cursed tallow candles (0:200) W - an uncursed bell Gems n - an uncursed obsidian stone q - an uncursed jasper stone r - an uncursed worthless piece of green glass L - an uncursed worthless piece of red glass Q - an uncursed worthless piece of white glass Spells and supernatural/magical abilities: Name Level Category Fail Memory w - wizard lock 2 matter 100% 78% W - pray for help -- divine ? -- Your skills at the end: Fighting Skills Weapon Skills dagger [Basic] dart [Basic] Spellcasting Skills Final Attributes: You were piously aligned. You were displaced. You could survive without air. You were lucky. You are dead. Vanquished creatures: a lizard a dog a bugbear an orc shaman 2 rock piercers a yellow light 4 gnome lords 2 elf zombies 2 giant ants a little dog a floating eye 4 dwarves a homunculus a kobold lord 4 dwarf zombies an acid blob a coyote 2 hobbits 2 manes a giant rat a cave spider a brown mold 8 gnomes a gnome zombie 2 geckos 2 jackals 2 foxes a kobold 2 goblins 8 grid bugs 3 lichens 7 newts 72 creatures vanquished. Voluntary challenges: You had been an atheist until turn 3890. You used a wielded weapon 95 times, starting on turn 1451. You read items or engraved 208 times, starting on turn 3. You never genocided any monsters. You never polymorphed an object. You never changed form. You used no wishes. You never split a pudding. You wrote Elbereth's name 169 times, starting on turn 3. You never violated your personal moral code. Dungeon overview: The Dungeons of Doom: levels 1 to 8 Level 1 a long staircase Level 2 an armor shop, some fountains stairs to The Gnomish Mines Level 3 a fountain Level 4 a general store Level 5 a fountain Level 6 some fountains Level 7 <- You were here an altar to The Lady, a fountain Level 8 The Gnomish Mines: levels 3 to 4 Level 3 stairs to The Dungeons of Doom Level 4 History has recorded: On T:1 you entered the Dungeons of Doom to retrieve the Amulet of Yendor! On T:478 you reached level 2 of The Dungeons of Doom. On T:866 you reached level 1 of The Gnomish Mines. On T:888 you advanced to experience level 2. On T:918 you advanced to experience level 3. On T:1245 you advanced to experience level 4. On T:1345 you reached level 2 of The Gnomish Mines. On T:1863 you reached level 3 of The Dungeons of Doom. On T:2289 you reached level 4 of The Dungeons of Doom. On T:2951 you reached level 5 of The Dungeons of Doom. On T:3376 you reached level 6 of The Dungeons of Doom. On T:3627 you reached level 7 of The Dungeons of Doom. On T:3629 you reached level 8 of The Dungeons of Doom. On T:4093 you advanced to experience level 5. Score breakdown: Gold: 1438 (10742 points) Experience: 5 levels (11141 points) Exploration: 8 levels ( 15.69%) (11224 points) Discoveries: 6 items ( 2.01%) ( 4256 points) Valuables value: (no points given unless you survive) Artifact value: 0 ( 0 points) Variety of kills: 32 monsters ( 8.40%) ( 8694 points) Turncount: 4654 turns (-1248 points) Survival: died (score multiplied by 80%) Total score: 35847 Latest messages: The giant ant turns to flee! You add to the writing in the dust with your fingers. (3x) The giant ant strikes at your displaced image and misses you! You add to the writing in the dust with your fingers. The giant ant turns to flee! You miss the giant ant. The giant beetle strikes at your displaced image and misses you! You add to the writing in the dust with your fingers. The giant ant turns to flee! You add to the writing in the dust with your fingers. You hit the giant beetle! You miss the giant beetle. The giant beetle turns to flee! You add to the writing in the dust with your fingers. You write in the dust with your fingers. (2x) You are beginning to feel hungry. You write in the dust with your fingers. Something is written here in the dust. You read: "?lbe ??L ?rc h". You add to the writing in the dust with your fingers. (3x) The giant beetle bites! You die... Final status: Aloha Noisytoot the Tourist, killed by a giant beetle... You died in The Dungeons of Doom on dungeon level 7 with 35847 points, and 1476 pieces of gold, after 4654 moves. You were level 5 with a maximum of 53 hit points when you died.